 Dungeon Crawl Stone Soup version 0.31-a0-167-g1c394c0614 (webtiles) character file.

Game seed: 3787550393682364452

436 qw the Shooter (level 7, -5/66 HPs)
             Began as a Naga Hunter on June 14, 2023.
             Slain by Eustachio
             ... wielding a +0 rapier
              (6 damage)
             ... on level 4 of the Dungeon.
             The game lasted 00:01:12 (3375 turns).

qw the Shooter (Naga Hunter)                        Turns: 3375, Time: 00:01:13

Health: -5/66      AC:  3    Str: 14      XL:     7   Next: 1%
Magic:  7/7        EV:  9    Int:  9      God:
Gold:   297        SH:  0    Dex: 11 (16) Spells: 6/6 levels left

rFire   . . .        Y - +0 shortbow (freeze)
rCold   . . .        (shield currently unavailable)
rNeg    . . .        c - +0 leather armour
rPois   +            (no helmet)
rElec   .            (no cloak)
rCorr   .            (no gloves)
SInv    +            (no barding)
Will    .....        f - amulet of the acrobat
Stlth   +            (no ring)
HPRegen 0.31/turn    (no ring)
MPRegen 0.10/turn

%: acrobat
@: short of breath, very slow
A: AC +2, large, see invisible, deformed body, poison resistance, slowness 2,
spit poison 1, naga tail 1
a: Spit Poison


You were on level 4 of the Dungeon.
You visited 1 branch of the dungeon, and saw 4 of its levels.

You collected 297 gold pieces.


Innate Abilities, Weirdness & Mutations

Your serpentine skin is tough. (AC +2)
You have supernaturally acute eyesight. (SInv)
Armour fits poorly on your strangely shaped body.
Your system is resistant to poisons. (rPois)
You cover ground very slowly.
You can spit poison.
You have a snake-like lower body.


   Skills:
 - Level 4.4 Fighting
 + Level 6.4 Ranged Weapons
 - Level 1.5 Dodging
 - Level 1.5 Stealth


You had 6 spell levels left.
You didn't know any spells.
Your spell library was empty.

Inventory:

Hand Weapons
 Y - a +0 shortbow of freezing (weapon)
Armour
 c - a +0 leather armour (worn)
 k - a +3 leather armour of willpower
Jewellery
 f - an amulet of the acrobat (around neck)
 h - a ring of fire
Wands
 d - a wand of digging (6)
Scrolls
 a - a scroll of identify
 e - 4 scrolls of enchant armour {unknown}
 g - a scroll of enchant weapon {unknown}
 m - a scroll of vulnerability {unknown}
Potions
 b - a potion of enlightenment {unknown}
 j - 2 potions of haste

Dungeon Overview and Level Annotations

Branches:
Dungeon (4/15)
 Temple: D:4-7

Altars:

Annotations:
D:4 Eustachio


Message History

The rat bites you.
3369 ||| INVOKING Spit Poison.
Aiming: Spit Poison (1% risk of failure)
Press: ? - help, Shift-Dir - straight line, f - rat, p - bat The splash of poison hits the rat!
The rat is poisoned.
You kill the rat!
The rat's corpse disappears in a puff of smoke!
The bat hits you but does no damage. x3
You shoot an arrow.
The arrow hits the bat but does no damage.
Eustachio looks more healthy.
The bat barely misses you. The bat hits you.
Eustachio mumbles some strange words.
Eustachio blinks!
You shoot an arrow. The arrow closely misses Eustachio.
The bat hits you but does no damage. The bat misses you.
The bat closely misses you.
Eustachio casts a spell.
You shoot an arrow. The arrow closely misses Eustachio.
The bat misses you. The bat closely misses you. The ufetubus misses you.
The ufetubus barely misses you.
Eustachio mumbles some strange words.
The shadow imp barely misses you.
You shoot an arrow. The arrow barely misses Eustachio.
The bat barely misses you. The ufetubus closely misses you.
The ufetubus barely misses you. The bat hits you but does no damage.
Eustachio hits you with a +0 rapier. The ufetubus barely misses you.
The ufetubus hits you. The shadow imp barely misses you.
You shoot an arrow. The arrow closely misses Eustachio.
You have got your breath back.
The bat closely misses you. The ufetubus completely misses you.
The ufetubus hits you. Eustachio barely misses you.
The bat hits you but does no damage.
The shadow imp hits you but does no damage.
The ufetubus barely misses you. The ufetubus misses you.
3375 ||| INVOKING Spit Poison.
Aiming: Spit Poison (1% risk of failure)
Press: ? - help, Shift-Dir - straight line, f/p - Eustachio The splash of poison misses Eustachio.
The bat barely misses you. Eustachio hits you with a +0 rapier.
You die...

......##.#
......'..#
......##.#
.(....##.##
..........#
#######[#.#
#.#.#########
#####
#.#.....5b5@#
....#
#.#.######@##
....# #.#..
#5# ....#
#.#.#. #b#
....# #.#.#..
#.# ....# #)#
## #.# ....#
#.. #.# ....#
### #.# .)..#
... #####


You could see Eustachio, an iron imp (summoned), a shadow imp (summoned), an
ufetubus (summoned) and 2 bats.

Vanquished Creatures
  Duvessa (D:4)
  An ogre (D:4)
  Dowan (D:4)
  5 gnolls
  9 adders
  3 worms
  2 dart slugs
  3 orcs
  5 ball pythons
  4 bats
  4 endoplasms
  2 giant cockroaches
  6 goblins
  6 hobgoblins
  2 jackals (D:1)
  7 kobolds
  4 quokkas
  2 frilled lizards
  6 rats
73 creatures vanquished.

Notes
Turn   | Place    | Note
-------+----------+-------------------------------------------
     0 | D:1      | qw the Naga Hunter began the quest for the Orb.
     0 | D:1      | Reached XP level 1. HP: 19/19 MP: 1/1
     0 | D:1      | 0 ||| qw: Version: 0.2-a-29-g1fa15c8
     0 | D:1      | 0 ||| qw: Game counter: 4997
     0 | D:1      | 0 ||| qw: Always use a shield: true
     0 | D:1      | 0 ||| qw: God list: Okawaru
     0 | D:1      | 0 ||| qw: Allow faded altars: false
     0 | D:1      | 0 ||| qw: Do Orc after D:15 true
     0 | D:1      | 0 ||| qw: Do second Lair branch before Depths: true
     0 | D:1      | 0 ||| qw: Lair rune preference: random
     0 | D:1      | 0 ||| qw: Plans: Normal
     0 | D:1      | 0 ||| PLANNING D:1-11
    36 | D:1      | 36 ||| INVOKING Spit Poison.
    41 | D:1      | 41 ||| INVOKING Spit Poison.
    71 | D:1      | 71 ||| INVOKING Spit Poison.
    74 | D:1      | Reached skill level 4 in Ranged Weapons
    74 | D:1      | Reached XP level 2. HP: 24/26 MP: 2/2
    75 | D:1      | 75 ||| INVOKING Spit Poison.
   115 | D:1      | 115 ||| INVOKING Spit Poison.
   119 | D:1      | 119 ||| INVOKING Spit Poison.
   122 | D:1      | 122 ||| INVOKING Spit Poison.
   137 | D:1      | 137 ||| INVOKING Spit Poison.
   253 | D:1      | 253 ||| INVOKING Spit Poison.
   258 | D:1      | 258 ||| INVOKING Spit Poison.
   260 | D:1      | 260 ||| INVOKING Spit Poison.
   319 | D:1      | 319 ||| INVOKING Spit Poison.
   322 | D:1      | 322 ||| INVOKING Spit Poison.
   370 | D:1      | 370 ||| INVOKING Spit Poison.
   473 | D:1      | 473 ||| INVOKING Spit Poison.
   474 | D:1      | 474 ||| INVOKING Spit Poison.
   476 | D:1      | Reached XP level 3. HP: 32/32 MP: 3/3
   494 | D:1      | 494 ||| INVOKING Spit Poison.
   501 | D:1      | 501 ||| INVOKING Spit Poison.
   772 | D:1      | 772 ||| UPGRADING to amulet of the acrobat.
   777 | D:1      | 777 ||| READING scroll labelled ENKAIBL TAARGH.
   778 | D:1      | 778 ||| DROPPING scroll of butterflies.
   833 | D:2      | 833 ||| INVOKING Spit Poison.
   836 | D:2      | 836 ||| INVOKING Spit Poison.
   842 | D:2      | 842 ||| INVOKING Spit Poison.
   869 | D:2      | 869 ||| INVOKING Spit Poison.
   870 | D:2      | Reached skill level 5 in Ranged Weapons
   874 | D:2      | Reached XP level 4. HP: 39/39 MP: 4/4
   879 | D:2      | 879 ||| INVOKING Spit Poison.
   993 | D:2      | 993 ||| INVOKING Spit Poison.
  1043 | D:2      | 1043 ||| INVOKING Spit Poison.
  1095 | D:2      | 1095 ||| INVOKING Spit Poison.
  1138 | D:2      | Found a faded altar of an unknown god.
  1138 | D:2      | Noticed a green death
  1164 | D:2      | 1164 ||| INVOKING Spit Poison.
  1208 | D:2      | 1208 ||| INVOKING Spit Poison.
  1242 | D:2      | 1242 ||| INVOKING Spit Poison.
  1270 | D:2      | 1270 ||| INVOKING Spit Poison.
  1276 | D:2      | 1276 ||| INVOKING Spit Poison.
  1474 | D:2      | 1474 ||| DROPPING ring of magical power.
  1475 | D:2      | 1475 ||| READING scroll labelled CEGU LORHAIKK.
  1476 | D:2      | 1476 ||| READING scroll labelled UNNOAD MELIA.
  1479 | D:2      | 1479 ||| READING 2 scrolls labelled PUDUNE VEKLOSK.
  1480 | D:2      | 1480 ||| DRINKING 2 sapphire potions.
  1481 | D:2      | 1481 ||| DRINKING 2 brown potions.
  1482 | D:2      | 1482 ||| READING 5 scrolls of identify.
  1482 | D:2      | 1482 ||| IDENTIFYING metallic inky potion
  1483 | D:2      | 1483 ||| READING 4 scrolls of identify.
  1483 | D:2      | 1483 ||| IDENTIFYING murky black potion
  1484 | D:2      | 1484 ||| READING 3 scrolls of identify.
  1484 | D:2      | 1484 ||| IDENTIFYING ruby potion
  1485 | D:2      | 1485 ||| READING 2 scrolls of identify.
  1485 | D:2      | 1485 ||| IDENTIFYING bubbling purple potion
  1486 | D:2      | 1486 ||| DROPPING potion of ambrosia.
  1487 | D:2      | 1487 ||| DROPPING potion of invisibility.
  1488 | D:2      | 1488 ||| DROPPING potion of brilliance.
  1489 | D:2      | 1489 ||| DROPPING scroll of amnesia.
  1490 | D:2      | 1490 ||| DROPPING potion of berserk rage.
  1513 | D:3      | 1513 ||| INVOKING Spit Poison.
  1517 | D:3      | Reached skill level 3 in Fighting
  1550 | D:3      | 1550 ||| INVOKING Spit Poison.
  1564 | D:3      | 1564 ||| INVOKING Spit Poison.
  1600 | D:3      | 1600 ||| INVOKING Spit Poison.
  1609 | D:3      | 1609 ||| INVOKING Spit Poison.
  1624 | D:3      | 1624 ||| INVOKING Spit Poison.
  1625 | D:3      | Reached XP level 5. HP: 49/49 MP: 5/5
  1714 | D:3      | 1714 ||| INVOKING Spit Poison.
  1720 | D:3      | 1720 ||| INVOKING Spit Poison.
  1845 | D:3      | 1845 ||| INVOKING Spit Poison.
  1875 | D:3      | 1875 ||| INVOKING Spit Poison.
  1940 | D:3      | 1940 ||| INVOKING Spit Poison.
  2189 | D:3      | 2189 ||| READING scroll labelled KITROECEIRPH.
  2290 | D:3      | 2290 ||| READING scroll labelled ATI ERESHRUTADU.
  2368 | D:4      | 2368 ||| INVOKING Spit Poison.
  2369 | D:4      | 2369 ||| INVOKING Spit Poison.
  2375 | D:4      | 2375 ||| INVOKING Spit Poison.
  2467 | D:4      | Noticed Duvessa
  2467 | D:4      | Noticed Dowan
  2469 | D:4      | 2469 ||| INVOKING Spit Poison.
  2473 | D:4      | 2473 ||| INVOKING Spit Poison.
  2473 | D:4      | Killed Duvessa
  2474 | D:4      | Reached skill level 6 in Ranged Weapons
  2474 | D:4      | Reached XP level 6. HP: 55/56 MP: 6/6
  2478 | D:4      | 2478 ||| INVOKING Spit Poison.
  2478 | D:4      | Killed Dowan
  2544 | D:4      | 2544 ||| INVOKING Spit Poison.
  2548 | D:4      | 2548 ||| INVOKING Spit Poison.
  2671 | D:4      | 2671 ||| INVOKING Spit Poison.
  2765 | D:4      | 2765 ||| INVOKING Spit Poison.
  2772 | D:4      | 2772 ||| INVOKING Spit Poison.
  2779 | D:4      | 2779 ||| INVOKING Spit Poison.
  2783 | D:4      | 2783 ||| INVOKING Spit Poison.
  2953 | D:4      | 2953 ||| INVOKING Spit Poison.
  2956 | D:4      | 2956 ||| INVOKING Spit Poison.
  2960 | D:4      | 2960 ||| INVOKING Spit Poison.
  3173 | D:4      | 3173 ||| INVOKING Spit Poison.
  3178 | D:4      | 3178 ||| INVOKING Spit Poison.
  3183 | D:4      | HP: 13/58 [orc wizard/+0 dagger (2)]
  3184 | D:4      | Reached XP level 7. HP: 15/66 MP: 7/7
  3184 | D:4      | 3184 ||| READING scroll of teleportation.
  3185 | D:4      | 3185 ||| DRINKING 2 potions of heal wounds.
  3186 | D:4      | 3186 ||| INVOKING Spit Poison.
  3312 | D:4      | 3312 ||| INVOKING Spit Poison.
  3333 | D:4      | Noticed Eustachio
  3334 | D:4      | 3334 ||| INVOKING Spit Poison.
  3339 | D:4      | 3339 ||| INVOKING Spit Poison.
  3343 | D:4      | 3343 ||| INVOKING Spit Poison.
  3350 | D:4      | 3350 ||| INVOKING Spit Poison.
  3351 | D:4      | HP: 16/66 [shadow imp[Eustachio] (1)]
  3352 | D:4      | 3352 ||| DRINKING potion of heal wounds.
  3357 | D:4      | 3357 ||| INVOKING Spit Poison.
  3363 | D:4      | 3363 ||| INVOKING Spit Poison.
  3366 | D:4      | HP: 12/66 [river rat[Eustachio] (6)]
  3369 | D:4      | 3369 ||| INVOKING Spit Poison.
  3373 | D:4      | HP: 4/66 [Eustachio/+0 rapier (6)]
  3374 | D:4      | HP: 1/66 [ufetubus[Eustachio] (3)]
  3375 | D:4      | 3375 ||| INVOKING Spit Poison.
  3375 | D:4      | Slain by Eustachio

Levels and vault maps discovered:
D:1:      wheals_arrival_shading, layout_loops_cross, minmay_pentomino_t2
D:2:      layout_basic, dreamdust_ecumenical_altar_sealed_demon,
          minmay_fractal_squares_5
D:3:      layout_basic
D:4:      layout_basic, nicolae_nh_ransacked_shop, uniq_duvessa, uniq_eustachio

Skill      XL: |  1  2  3  4  5  6 |
---------------+-------------------+-----
Ranged Weapons | 4 5 6 |  6.4
Fighting       | 3 4 |  4.4
Dodging        | |  1.5
Stealth        | |  1.5

Action                     |  1- 3 |  4- 6 |  7- 9 || total
---------------------------+-------+-------+-------++-------
   Fire: Shortbow          |    49 |   111 |    38 ||   198
Ability: Spit Poison       |    20 |    37 |    10 ||    67
    Use: Scroll            |     1 |     9 |     1 ||    11
         Potion            |       |     2 |     2 ||     4
 Armour: Leather armour    |     2 |     8 |    41 ||    51
         Skin              |       |     8 |       ||     8
  Dodge: Dodged            |    13 |    34 |    64 ||   111

Table legend:
 A = Non-vault XP
 B = Vault XP
 C = Vault XP percentage of total XP
 D = Non-vault monster count
 E = Vault monster count
 F = Vault count percentage of total count
                 A         B        C        D         E       F
            +---------+---------+-------+---------+---------+-------
      Total |     362 |     261 |  41.9 |      61 |      12 |  16.4
            +---------+---------+-------+---------+---------+-------
        D:1 |      34 |      16 |  32.0 |      19 |       2 |   9.5
        D:2 |      45 |      38 |  45.8 |      12 |       7 |  36.8
        D:3 |      53 |       0 |   0.0 |      15 |       0 |   0.0
        D:4 |     230 |     207 |  47.4 |      15 |       3 |  16.7
            +---------+---------+-------+---------+---------+-------
